 Dungeon Crawl Stone Soup version 0.32-a0-630-g46d191b0ed (webtiles) character file.

Game seed: 10385418600276863460

68281 Midn8 the Bludgeoner (level 15, -15/108 (126) HPs)
             Began as a Coglin Chaos Knight on Mar 6, 2024.
             Was a Plaything of Xom.
             Demolished by a white ugly thing (34 damage)
             ... on level 13 of the Dungeon.
             The game lasted 01:02:44 (23210 turns).

Midn8 the Bludgeoner (Coglin Chaos Knight)         Turns: 23210, Time: 01:02:44

HP:   -15/108 (126) AC: 23    Str: 20    XL:     15   Next: 26%
MP:   15/15         EV:  8    Int: 10    God:    Xom [......]
Gold: 776           SH:  6    Dex: 14    Spells: 14/14 levels left

rFire   + . .        D - +0 morningstar (freeze) {Mishil}
rCold   . . .        I - +4 flail (holy) {Balvinder}
rNeg    . . .        e - +0 plate armour
rPois   +            (no helmet)
rElec   +            q - +2 cloak {Will+}
rCorr   +            J - +2 pair of gloves {Str+3}
SInv    .            v - +1 pair of boots
Will    ++...        (amulet unavailable) Stlth
                     (ring unavailable)
HPRegen 0.38/turn    (ring unavailable)
MPRegen 0.14/turn    A - pneumatic assembler {AutoDazzle, rElec rPois rCorr}

%: no passive effects
@: heavily drained, revving
A: off-hand wielding, slow wielding, warmup strikes, no jewellery, large bone
plates 2, dopey 1, fire resistance 1, mutation resistance 1, electricity
resistance, inhibited regeneration, weak 1, wild magic 3
a: Renounce Religion


You were on level 13 of the Dungeon.
You worshipped Xom.
You were a very special plaything of Xom.
You visited 3 branches of the dungeon, and saw 19 of its levels.

You collected 1393 gold pieces.
You spent 617 gold pieces at shops.

Inventory:

Hand Weapons
 a - a +3 whip
 z - a +0 flail {Izel}
 D - a +0 morningstar of freezing (weapon) {Mishil}
 I - a +4 flail of holy wrath (offhand) {Balvinder}
Missiles
 n - 2 throwing nets (quivered)
 s - 2 curare-tipped darts
 B - 52 poisoned darts
Armour
 b - a +2 leather armour
 e - a +0 plate armour (worn)
 q - a +2 cloak of willpower (worn)
 v - a +1 pair of boots (worn)
 J - a +2 pair of gloves of strength (worn)
Gizmo
 A - a pneumatic assembler (installed) {AutoDazzle, rElec rPois rCorr}
   (You invented it yourself on level 5 of the Lair of Beasts)

   [pneumatic assembler]

   AutoDazzle: It sometimes fires a blinding ray at enemies whose attacks you
   dodge.
   rElec:     It insulates you from electricity.
   rPois:     It protects you from poison.
   rCorr:     It protects you from acid and corrosion.
Wands
 c - a wand of paralysis (4)
 g - a wand of polymorph (3)
 r - a wand of iceblast (14)
 x - a wand of flame (60)
 R - a wand of quicksilver (5)
Scrolls
 f - 5 scrolls of amnesia
 j - 5 scrolls of enchant weapon
 l - a scroll of teleportation
 m - 3 scrolls of poison
 o - a scroll of blinking
 p - 4 scrolls of vulnerability
 t - 5 scrolls of revelation
 u - 3 scrolls of fog
 y - a scroll of acquirement {unknown}
 C - 2 scrolls of fear
 G - 7 scrolls of immolation
 H - a scroll of torment
 N - 2 scrolls of identify
 P - a scroll of brand weapon
Potions
 d - a potion of magic
 h - 5 potions of berserk rage
 i - 7 potions of curing
 k - 2 potions of might
 w - a potion of attraction
 E - a potion of resistance
 F - 2 potions of ambrosia
 K - 3 potions of cancellation
 L - a potion of enlightenment {unknown}
 M - 2 potions of heal wounds
 Q - a potion of mutation {unknown}
Miscellaneous
 O - a phantom mirror


   Skills:
 + Level 14.1 Fighting
 - Level 16.0 Maces & Flails
 - Level 10.0 Armour
 - Level 6.0 Dodging
 - Level 12.0 Evocations


You had 14 spell levels left.
You didn't know any spells.
Your spell library contained the following spells:

 Spells                   Type           Power      Damage    Failure   Level
 Summon Small Mammal      Summ           0%         N/A       100%        1
 Ensorcelled Hibernation  Hex/Ice        0%         N/A       100%        2
 Scorch                   Fire           0%         2d5       100%        2
 Call Canine Familiar     Summ           0%         N/A       100%        3
 Fugue of the Fallen      Necr           0%         N/A       100%        3
 Gell's Gravitas          Tloc           0%         N/A       100%        3
 Teleport Other           Tloc           0%         N/A       100%        3
 Anguish                  Hex/Necr       0%         N/A       100%        4
 Cause Fear               Hex            0%         N/A       100%        4
 Flame Wave               Conj/Fire      0%         2d4       100%        4
 Summon Blazeheart Golem  Fire/Summ      0%         N/A       100%        4
 Fireball                 Conj/Fire      0%         3d3       100%        5
 Dispersal                Tloc           0%         N/A       100%        6
 Summon Cactus Giant      Summ           0%         N/A       100%        6
 Orb of Destruction       Conj           0%         9d5       100%        7
 Spellforged Servitor     Conj/Summ      0%         N/A       100%        7
 Dragon's Call            Summ           0%         N/A       100%        9


Dungeon Overview and Level Annotations

Branches:
Dungeon (13/15)            Temple (1/1) D:4            Lair (5/5) D:9
 Shoals (0/4) Lair:2       Spider (0/4) Lair:3        Slime (0/5) Lair:4
    Orc (0/2) D:9          Vaults (0/5) D:13

Altars:
Cheibriados
Elyvilon
Fedhas
Gozag
Hepliaklqana
Kikubaaqudgha
Makhleb
Nemelex Xobeh
Okawaru
Qazlal
Ru
Sif Muna
Trog
Uskayaw
Vehumet
Wu Jian
Xom
Yredelemnul
Zin
The Shining One

Shops:
D:3 (   D:6 :[   D:8 :?*(=*

Portals:
Trove: D:13 (give 8 scrolls of fear)


Innate Abilities, Weirdness & Mutations

You can wield a second weapon in your off-hand.
It takes a long time for you to wield or remove held weapons.
Your first few attacks do less damage.
You cannot equip rings or amulets.
You are mostly covered in large bone plates. (SH +6)
You are dopey. (Int -2)
Your flesh is heat resistant. (rF+)
You are somewhat resistant to further mutation.
You are resistant to electric shocks. (rElec)
You do not regenerate when monsters are visible.
You are weak. (Str -2)
Your spells are much harder to cast, but much more powerful.


Message History

You bludgeon the white ugly thing with your +4 flail of holy wrath!!
Xom asks Qazlal to spice things up a little.
The white ugly thing pecks you. The white ugly thing freezes you!!
You hit the white ugly thing with your +4 flail of holy wrath.
The white ugly thing is heavily wounded.
You closely miss the white ugly thing with your +0 morningstar of freezing.
You are engulfed in seething chaos.
You closely miss the white ugly thing with your +4 flail of holy wrath.
The white ugly thing is heavily wounded.
You hit the white ugly thing with your +0 morningstar of freezing.
You are engulfed in seething chaos.
You are confused.
The white ugly thing pecks you but does no damage.
You are too confused!
Unknown command. "Take this token of my esteem."
Something appears at your feet!
You see here a wand of paralysis (5).
Unknown command.
You bump into the rock wall.
The white ugly thing is engulfed in seething chaos.
The white ugly thing flies into a frenzy!
The white ugly thing pecks you but does no damage.
You sock the white ugly thing with your +0 morningstar of freezing!
You freeze the white ugly thing.
The white ugly thing is almost dead.
You barely miss the white ugly thing with your +4 flail of holy wrath.
The white ugly thing is engulfed in seething chaos.
The white ugly thing looks weaker.
The white ugly thing pecks you. The white ugly thing freezes you!
The white ugly thing is engulfed in seething chaos.
The white ugly thing pecks you! The white ugly thing freezes you!!
* * * LOW HITPOINT WARNING * * *
Unknown command.
You are too confused!
You feel better. The white ugly thing pecks you.
* * * LOW HITPOINT WARNING * * *
The white ugly thing freezes you!!
You die...
Xom chortles!

###################....
#.....#...###########..
#.....#.............#..
#.....#.............#..
#.....#.............#..
#.....#.............#..
#....ยง#.............'..
#....u#'###.######.##..
#.)...@...#.##########+
######....#............
#....#............
#....###'##.......
+....#...##.......
#....#...##...##..
.....#..[###+###..
.#####............
######.......


You could see a neutral white ugly thing (fast, strong, frenzied, weak).

Vanquished Creatures
  An entropy weaver (D:13)
  8 hydras
  A peacekeeper (D:13)
  2 centaur warriors
  3 boulder beetles
  2 catoblepae
  5 death yaks (Lair:5)
  3 two-headed ogres
  A deep troll shaman (Lair:5)
  A skyshark (Lair:5)
  An arcanist (D:13)
  Pikel (D:7)
  An ugly thing (D:12)
  3 cyclopes
  3 manticores
  30 elephants
  3 black mambas
  8 cane toads
  3 kobold demonologists
  An unseen horror (D:10)
  3 rime drakes
  13 komodo dragons
  3 trolls
  3 polar bears
  18 blink frogs
  6 dream sheep (Lair:5)
  A snapping turtle (Lair:2)
  2 shadows (D:11)
  9 wyverns
  5 slime creatures (D:12)
  A water elemental (Lair:2)
  A wraith (D:9)
  Eustachio (D:6)
  2 basilisks
  48 yaks
  A steam dragon (D:9)
  10 vampire mosquitoes
  2 acid dragons
  15 water moccasins
  Duvessa (D:6)
  3 orc warriors
  A sky beast (D:8)
  7 ice beasts
  3 black bears
  12 wolves
  An ogre (D:7)
  8 centaurs
  3 lemures (D:7)
  5 phantoms
  3 kobold brigands
  9 bullfrogs
  A gnoll sergeant (D:10)
  5 wights
  Dowan (D:6)
  11 killer bees
  An elephant simulacrum (Lair:5)
  6 howler monkeys
  A sleepcap (D:5)
  Crazy Yiuf (D:2)
  4 orc priests
  5 jellies
  A gnoll bouda (D:4)
  2 iguanas (D:5)
  Natasha (thrice) (D:2)
  Terence (D:2)
  12 orc wizards
  7 hell rats (Lair:5)
  A polar bear simulacrum (Lair:5)
  A wolf simulacrum (Lair:5)
  13 gnolls
  8 adders
  A white imp (D:7)
  2 ufetubi (D:3)
  3 dart slugs
  29 orcs
  6 ball pythons
  10 endoplasms
  3 giant cockroaches
  4 goblins
  3 hobgoblins
  4 jackals (D:1)
  26 kobolds
  6 quokkas
  A bat (D:2)
  4 frilled lizards
  2 rats
470 creatures vanquished.

Vanquished Creatures (collateral kills)
  A hydra (D:10)
  A boulder beetle (Lair:5)
  3 elephants (Lair:4)
  A rime drake (Lair:4)
  A komodo dragon (Lair:2)
  6 blink frogs
  A dream sheep (Lair:5)
  4 yaks
  A basilisk (Lair:1)
  A kobold brigand (D:10)
  A bullfrog (Lair:1)
  7 kobolds (D:10)
28 creatures vanquished.

Vanquished Creatures (others)
  An endoplasm (D:4)
  A hobgoblin (D:4)
  A kobold (D:12)
3 creatures vanquished.

Grand Total: 501 creatures vanquished

Notes
Turn   | Place    | Note
-------+----------+-------------------------------------------
     0 | D:1      | Midn8 the Coglin Chaos Knight began the quest for the Orb.
     0 | D:1      | Reached XP level 1. HP: 18/18 MP: 1/1
    76 | D:1      | XOM: silly message
   135 | D:1      | XOM: silly message
   179 | D:1      | XOM: 2-stop teleportation journey
   192 | D:1      | Reached skill level 3 in Maces & Flails
   195 | D:1      | Reached XP level 2. HP: 20/24 MP: 2/2
   498 | D:1      | Found a faded altar of an unknown god.
   632 | D:1      | XOM: noise
   668 | D:2      | Noticed Natasha
   672 | D:2      | XOM: god gift: hand axe {god gift}
   679 | D:2      | XOM: butterfly on damage
   684 | D:2      | Killed Natasha
   685 | D:2      | Reached skill level 4 in Maces & Flails
   685 | D:2      | Reached XP level 3. HP: 5/29 MP: 3/3
   983 | D:2      | Reached XP level 4. HP: 35/35 MP: 4/4
  1002 | D:2      | Noticed Terence
  1021 | D:2      | Killed Terence
  1102 | D:2      | Noticed Natasha
  1113 | D:2      | Killed Natasha
  1114 | D:2      | Reached skill level 5 in Maces & Flails
  1158 | D:2      | Noticed Natasha
  1169 | D:2      | Killed Natasha
  1170 | D:2      | Reached XP level 5. HP: 30/41 MP: 5/5
  1307 | D:2      | Found a runed translucent door.
  1308 | D:2      | Noticed Crazy Yiuf
  1372 | D:2      | XOM: noise
  1661 | D:2      | Killed Crazy Yiuf
  1696 | D:2      | XOM: give mutations
  1696 | D:2      | Gained mutation: You are occasionally teleported next to
                  | monsters. [Xom's mischief]
  1696 | D:2      | Gained mutation: Your mind is acute. (Int +4, Str/Dex -1)
                  | [Xom's mischief]
  1708 | D:3      | Found Jaduow's Antique Weapon Shop.
  1996 | D:3      | XOM: 1-stop teleportation journey
  2105 | D:3      | XOM: swap monsters
  2356 | D:3      | XOM: give mutation
  2356 | D:3      | Lost mutation: You are occasionally teleported next to
                  | monsters. [Xom's mischief]
  2357 | D:3      | Reached XP level 6. HP: 47/47 MP: 6/6
  2415 | D:4      | XOM: polymorph orc -> kobold
  2430 | D:4      | Reached skill level 6 in Maces & Flails
  2540 | D:4      | Noticed a black bear
  2545 | D:4      | XOM: swap monsters
  2555 | D:4      | Killed a black bear
  2709 | D:4      | Noticed a water moccasin
  2718 | D:4      | Killed a water moccasin
  2719 | D:4      | Reached skill level 5 in Fighting
  2719 | D:4      | Reached XP level 7. HP: 55/56 MP: 7/7
  2730 | D:4      | XOM: scenery: summon butterflies
  2893 | D:4      | Found a glowing golden altar of the Shining One.
  2969 | D:4      | Found a sparkling altar of Nemelex Xobeh.
  2969 | D:4      | Found a transporter.
  2977 | D:4      | XOM: scenery: 1 doors close
  3102 | D:4      | XOM: summons 3 hostile demons
  3117 | D:4      | XOM: chaos cloud
  3121 | D:4      | XOM: swap monsters
  3122 | D:4      | XOM: noise
  3314 | D:4      | XOM: fog
  3363 | D:4      | Found a staircase to the Ecumenical Temple.
  3368 | Temple   | Entered the Ecumenical Temple
  3552 | D:5      | Entered Level 5 of the Dungeon
  3643 | D:5      | Reached skill level 7 in Maces & Flails
  3850 | D:4      | XOM: cloud trail
  3905 | D:4      | Reached XP level 8. HP: 60/62 MP: 8/8
  4119 | D:5      | XOM: draining
  4214 | D:5      | Found a glowing silver altar of Zin.
  4255 | D:5      | XOM: give mutations
  4255 | D:5      | Gained mutation: You do not regenerate when monsters are
                  | visible. [Xom's mischief]
  4255 | D:5      | Gained mutation: Your muscles are strong. (Str +4, Int/Dex
                  | -1) [Xom's mischief]
  4261 | D:5      | XOM: 3-stop teleportation journey
  4267 | D:5      | Reached skill level 8 in Maces & Flails
  4337 | D:5      | XOM: noise
  4543 | D:5      | XOM: noise
  4699 | D:6      | Found an iron altar of Okawaru.
  4706 | D:6      | Found a sacrificial altar of Ru.
  4917 | D:6      | XOM: divination: magic mapping
  4939 | D:6      | Noticed Eustachio
  4957 | D:6      | Killed Eustachio
  5022 | D:6      | XOM: confuse monster(s)
  5034 | D:6      | Found Megingaa's Self-Published Books.
  5242 | D:6      | XOM: 2-stop teleportation journey
  5251 | D:6      | Found Peej's Antique Armour Boutique.
  5306 | D:6      | Noticed Duvessa
  5317 | D:6      | Noticed Dowan
  5324 | D:6      | Killed Duvessa
  5325 | D:6      | Reached skill level 9 in Maces & Flails
  5339 | D:6      | Killed Dowan
  5340 | D:6      | Reached XP level 9. HP: 63/68 MP: 9/9
  5377 | D:6      | XOM: fake destruction
  5435 | D:6      | XOM: scenery: create altars
  5504 | D:6      | XOM: scenery: create altars
  5639 | D:6      | XOM: draining
  5705 | D:6      | Noticed Edmund
  5709 | D:6      | Edmund changed into Edmund the giant cockroach
  5709 | D:6      | Noticed Edmund
  5709 | D:6      | XOM: polymorph Edmund -> Edmund the giant cockroach
  5714 | D:6      | Killed Edmund the giant cockroach
  6125 | D:6      | Reached skill level 10 in Maces & Flails
  6270 | D:7      | Noticed Pikel
  6271 | D:7      | XOM: confuse monster(s)
  6284 | D:7      | Killed Pikel
  6352 | D:7      | Reached skill level 1 in Evocations
  6377 | D:7      | XOM: 5-stop teleportation journey
  6673 | D:7      | Reached skill level 5 in Evocations
  6994 | D:7      | XOM: summons 5 hostile demons
  7023 | D:7      | XOM: summons 2 hostile demons
  7082 | D:7      | Found a white marble altar of Elyvilon.
  7113 | D:8      | Found Fupeiga's Assorted Antiques.
  7118 | D:8      | Bought a scroll of identify for 52 gold pieces
  7118 | D:8      | Bought a scroll labelled TOIRAZ PESKU for 26 gold pieces
  7118 | D:8      | Bought a fizzy pink potion for 23 gold pieces
  7118 | D:8      | Bought a silvery potion for 23 gold pieces
  7118 | D:8      | Bought a scroll of identify for 52 gold pieces
  7118 | D:8      | Bought a potion of curing for 78 gold pieces
  7153 | D:8      | Found Qohear's Jewellery Shoppe.
  7184 | D:8      | Reached XP level 10. HP: 69/79 MP: 10/10
  7185 | D:8      | Found Wukusin's Assorted Antiques.
  7185 | D:8      | XOM: 6-stop teleportation journey
  7190 | D:8      | Found Faptoeqe's Magic Scroll Shop.
  7243 | D:8      | Bought a scroll of enchant armour for 90 gold pieces
  7243 | D:8      | Bought 3 scrolls of identify for 72 gold pieces
  7400 | D:8      | XOM: confuse monster(s)
  7436 | D:8      | XOM: cloud trail
  7527 | D:8      | XOM: 2-stop teleportation journey
  7542 | D:8      | Found Serave's Antique Weapon Shoppe.
  7621 | D:8      | XOM: 8-stop teleportation journey
  7729 | D:8      | XOM: cleaving
  7824 | D:8      | XOM: 3-stop teleportation journey
  7827 | D:8      | XOM: confuse monster(s)
  7874 | D:8      | XOM: blink monster(s)
  8165 | D:8      | XOM: draining
  8195 | D:8      | Noticed a cyclops
  8195 | D:8      | Noticed a centaur warrior
  8195 | D:8      | Noticed a two-headed ogre
  8198 | D:8      | XOM: enchant monster (good)
  8250 | D:8      | XOM: chaos cloud
  8418 | D:9      | XOM: stat loss: -1 Int (14/15)
  8597 | D:9      | XOM: give mutations
  8597 | D:9      | Gained mutation: Armour fits poorly on your strangely
                  | shaped body. [Xom's mischief]
  8597 | D:9      | Lost mutation: Your mind is acute. (Int +4, Str/Dex -1)
                  | [Xom's mischief]
  8716 | D:9      | Found a staircase to the Lair.
  8725 | D:9      | XOM: swap monsters
  8922 | D:9      | XOM: give mutation
  8922 | D:9      | Gained mutation: You are robust. (+10% HP) [Xom's mischief]
  9019 | D:9      | Found a staircase to the Orcish Mines.
  9084 | D:9      | XOM: give mutations
  9084 | D:9      | Gained mutation: Your magical capacity is low. (-10% MP)
                  | [Xom's mischief]
  9084 | D:9      | Gained mutation: Your flesh is cold resistant. (rC+) [Xom's
                  | mischief]
  9084 | D:9      | Lost mutation: Your magical capacity is low. (-10% MP)
                  | [Xom's mischief]
  9130 | D:9      | XOM: give mutations
  9130 | D:9      | Gained mutation: You are partially covered in large bone
                  | plates. (SH +4) [Xom's grace]
  9130 | D:9      | Gained mutation: You are mostly covered in large bone
                  | plates. (SH +6) [Xom's grace]
  9130 | D:9      | Gained mutation: You expend magic power (3 MP) to
                  | strengthen your wands. [Xom's grace]
  9130 | D:9      | Gained mutation: Your muscles are very strong. (Str +8,
                  | Int/Dex -2) [Xom's grace]
  9220 | D:9      | XOM: fog
  9251 | D:9      | Found a stormy altar of Qazlal.
  9411 | D:9      | XOM: god gift: +0 pair of gloves of strength
  9427 | D:10     | Entered Level 10 of the Dungeon
  9452 | D:10     | XOM: confuse monster(s)
  9458 | D:10     | XOM: confuse monster(s)
  9465 | D:10     | Reached skill level 11 in Maces & Flails
  9499 | D:10     | Reached XP level 11. HP: 79/97 MP: 11/11
  9515 | D:10     | XOM: god gift: mace {god gift}
  9645 | D:10     | XOM: scenery: 1 doors open, 1 doors close
  9727 | D:10     | Identified the +9 war axe "Ustueh" {freeze, Str+2}
  9862 | D:10     | Noticed a four-headed hydra
 10024 | D:10     | Found an ornate altar of the Wu Jian Council.
 10533 | D:10     | XOM: enchant monster (good)
 10742 | D:10     | XOM: summons 11 friendly demons
 10743 | D:10     | Killed a four-headed hydra
 10744 | D:10     | Reached skill level 12 in Maces & Flails
 10836 | D:10     | XOM: destruction
 11030 | D:10     | Identified the +1 spear of Rosm {elec, rN+ Dex+3}
 11108 | Lair:1   | Entered Level 1 of the Lair of Beasts
 11133 | Lair:1   | Reached skill level 5 in Armour
 11271 | Lair:1   | XOM: scenery: summon butterflies
 11291 | Lair:1   | XOM: scenery: create altars
 11292 | Lair:1   | XOM: cleaving
 11296 | Lair:1   | XOM: summons 11 friendly demons
 11322 | Lair:1   | Reached skill level 10 in Fighting
 11518 | Lair:1   | XOM: scenery: create altars
 11544 | Lair:1   | XOM: divination: detect creatures
 11638 | Lair:1   | Noticed a catoblepas
 11642 | Lair:1   | XOM: cleaving
 11648 | Lair:1   | XOM: enchant monster (good)
 11670 | Lair:1   | XOM: cleaving
 11736 | Lair:1   | XOM: god gift: wand of polymorph (3)
 11780 | Lair:1   | Killed a catoblepas
 11823 | Lair:1   | XOM: give mutation
 11823 | Lair:1   | Gained mutation: You have a pair of small horns on your
                  | head. [Xom's grace]
 11908 | Lair:1   | XOM: cloud trail
 12051 | Lair:1   | Reached XP level 12. HP: 110/110 MP: 12/12
 12125 | Lair:1   | XOM: scenery: summon butterflies
 12367 | Lair:2   | Noticed a seven-headed hydra
 12371 | Lair:2   | Killed a seven-headed hydra
 12374 | Lair:1   | XOM: summons 7 friendly demons
 12573 | Lair:1   | Reached skill level 13 in Maces & Flails
 12579 | Lair:1   | XOM: 2-stop teleportation journey
 12631 | Lair:2   | XOM: summons 4 friendly demons
 12637 | Lair:2   | XOM: silly message
 12913 | Lair:2   | XOM: summons friendly iron imp
 13003 | Lair:2   | XOM: god gift: 33 gold pieces
 13153 | Lair:2   | Found a staircase to the Shoals.
 13154 | Lair:2   | XOM: confuse monster(s)
 13157 | Lair:2   | XOM: scenery: 1 doors close
 13254 | Lair:2   | XOM: give mutations
 13254 | Lair:2   | Gained mutation: Your flesh is heat resistant. (rF+) [Xom's
                  | grace]
 13254 | Lair:2   | Gained mutation: You are partially covered in iridescent
                  | scales. (AC +2) [Xom's grace]
 13260 | Lair:2   | XOM: give mutations
 13260 | Lair:2   | Gained mutation: You are resistant to electric shocks.
                  | (rElec) [Xom's grace]
 13260 | Lair:2   | Gained mutation: You have hidden genetic potential. [Xom's
                  | grace]
 13439 | Lair:2   | Reached skill level 14 in Maces & Flails
 13725 | Lair:2   | XOM: silly message
 13762 | Lair:2   | XOM: divination: detect creatures
 13836 | Lair:2   | XOM: silly message
 13911 | Lair:2   | XOM: divination: detect items
 13979 | Lair:3   | Reached skill level 10 in Evocations
 13987 | Lair:3   | XOM: potion effect (invisibility)
 14164 | Lair:3   | XOM: silly message
 14167 | Lair:3   | XOM: potion effect (haste)
 14201 | Lair:3   | XOM: silly message
 14412 | Lair:3   | Found a hole to the Spider Nest.
 14443 | Lair:3   | Reached XP level 13. HP: 113/116 MP: 13/13
 14571 | Lair:3   | XOM: silly message
 14726 | Lair:3   | XOM: potion effect (brilliance)
 15246 | Lair:3   | XOM: cloud trail
 15461 | Lair:3   | XOM: give mutations
 15461 | Lair:3   | Gained mutation: Your spells are a little harder to cast,
                  | but a little more powerful. [Xom's grace]
 15461 | Lair:3   | Gained mutation: Your spells are harder to cast, but more
                  | powerful. [Xom's grace]
 15461 | Lair:3   | Gained mutation: You have great hidden genetic potential.
                  | [Xom's grace]
 15461 | Lair:3   | Gained mutation: You have a pair of horns on your head.
                  | [Xom's grace]
 15470 | Lair:3   | XOM: give mutation
 15470 | Lair:3   | Gained mutation: Your flesh is very heat resistant. (rF++)
                  | [Xom's grace]
 15510 | Lair:4   | XOM: summons 3 friendly demons
 15520 | Lair:4   | XOM: cast spell 'Summon Hydra'
 15576 | Lair:4   | XOM: polymorph cane toad -> rime drake
 15578 | Lair:4   | XOM: summons 8 friendly demons
 15583 | Lair:4   | XOM: silly message
 15614 | Lair:4   | Gained mutation: Your flesh is almost immune to the effects
                  | of heat. (rF+++) [hidden potential]
 15656 | Lair:4   | XOM: 1-stop teleportation journey
 15918 | Lair:4   | XOM: divination: detect items
 15944 | Lair:4   | XOM: silly message
 16061 | D:8      | Bought a glowing flail for 201 gold pieces
 16177 | Lair:4   | XOM: snakes to sticks
 16229 | Lair:4   | XOM: scenery: 1 doors open
 16429 | Lair:4   | XOM: scenery: 1 doors close
 16574 | Lair:4   | XOM: scenery: summon butterflies
 16806 | Lair:4   | Found a staircase to the Slime Pits.
 16928 | Lair:4   | XOM: give mutation
 16928 | Lair:4   | Lost mutation: You have great hidden genetic potential.
                  | [Xom's grace]
 16928 | Lair:4   | Lost mutation: You have hidden genetic potential. [Xom's
                  | grace]
 16928 | Lair:4   | Gained mutation: You are somewhat resistant to further
                  | mutation. [Xom's grace]
 17031 | Lair:5   | Entered Level 5 of the Lair of Beasts
 17042 | Lair:5   | Found a hide-covered altar of Uskayaw.
 17042 | Lair:5   | Found an ornate altar of the Wu Jian Council.
 17042 | Lair:5   | XOM: cast spell 'Animate Armour'
 17049 | Lair:5   | Reached skill level 15 in Maces & Flails
 17112 | Lair:5   | XOM is BORED!
 17112 | Lair:5   | XOM: blink monster(s)
 17139 | Lair:5   | XOM: divination: detect items
 17144 | Lair:5   | XOM: noise
 17436 | Lair:5   | XOM: 1-stop teleportation journey
 17445 | Lair:5   | XOM: summons 4 friendly demons
 17450 | Lair:5   | XOM: enchant monster (good)
 17459 | Lair:5   | XOM: blink monster(s)
 17462 | Lair:5   | XOM: enchant monster (bad)
 17474 | Lair:5   | XOM: give mutation
 17474 | Lair:5   | Gained mutation: Your spells are much harder to cast, but
                  | much more powerful. [Xom's grace]
 17477 | Lair:5   | Reached skill level 16 in Maces & Flails
 17559 | Lair:5   | XOM: give mutation
 17559 | Lair:5   | Lost mutation: Armour fits poorly on your strangely shaped
                  | body. [Xom's mischief]
 17572 | Lair:5   | XOM: 3-stop teleportation journey
 17589 | Lair:5   | Reached XP level 14. HP: 84/124 MP: 10/14
 17589 | Lair:5   | Acquired a pneumatic assembler {AutoDazzle, rElec rPois
                  | rCorr}
 17818 | Lair:5   | XOM: give mutation
 17818 | Lair:5   | Lost mutation: Your flesh is cold resistant. (rC+) [Xom's
                  | mischief]
 17837 | Lair:5   | XOM: cloud trail
 17856 | Lair:5   | XOM: scenery: summon butterflies
 17916 | Lair:5   | XOM: 6-stop teleportation journey
 17947 | Lair:5   | XOM is BORED!
 17947 | Lair:5   | XOM: summons 4 hostile shadow creatures
 18213 | Lair:5   | XOM: cast spell 'Summon Hydra'
 18224 | Lair:5   | XOM: enchant monster (good)
 18225 | Lair:5   | XOM: 2-stop teleportation journey
 18317 | Lair:5   | XOM: 1-stop teleportation journey
 18445 | Lair:5   | XOM: scenery: create altars
 18464 | Lair:5   | XOM: confuse monster(s)
 18874 | Lair:5   | XOM: potion effect (haste)
 18887 | Lair:5   | XOM: god gift: scroll of fog
 18964 | Lair:5   | XOM: god gift: thick smoking staff {god gift}
 19409 | Lair:5   | XOM: god gift: stone
 19496 | Lair:5   | Reached skill level 10 in Armour
 19580 | Lair:5   | Identified the ring of Deonk {rPois Slay+4}
 19816 | D:8      | Reached skill level 1 in Dodging
 19916 | D:8      | Found Tamaib's Tiny Tomes.
 19959 | D:8      | XOM: god gift: dart of dispersal
 19966 | D:8      | XOM: summons 2 friendly demons
 19987 | D:8      | XOM: summons friendly white imp
 20091 | D:8      | XOM: give mutations
 20091 | D:8      | Lost mutation: You are robust. (+10% HP) [Xom's mischief]
 20091 | D:8      | Lost mutation: You expend magic power (3 MP) to strengthen
                  | your wands. [Xom's mischief]
 20091 | D:8      | Lost mutation: You have a pair of horns on your head.
                  | [Xom's mischief]
 20192 | D:8      | XOM: polymorph white imp -> shadow imp
 20562 | D:11     | XOM: stat loss: -1 Str (27/28)
 20570 | D:11     | XOM: 2-stop teleportation journey
 20847 | D:11     | XOM: confuse monster(s)
 20902 | D:11     | XOM: silly message
 21163 | D:11     | XOM: give mutations
 21163 | D:11     | Lost mutation: Your flesh is almost immune to the effects
                  | of heat. (rF+++) [Xom's mischief]
 21163 | D:11     | Lost mutation: Your flesh is very heat resistant. (rF++)
                  | [Xom's mischief]
 21163 | D:11     | Lost mutation: Your muscles are very strong. (Str +8,
                  | Int/Dex -2) [Xom's mischief]
 21163 | D:11     | Gained mutation: You are dopey. (Int -2) [Xom's mischief]
 21227 | D:12     | XOM: give mutations
 21227 | D:12     | Lost mutation: Your muscles are strong. (Str +4, Int/Dex
                  | -1) [Xom's mischief]
 21227 | D:12     | Lost mutation: You have a pair of small horns on your head.
                  | [Xom's mischief]
 21227 | D:12     | Lost mutation: You are partially covered in iridescent
                  | scales. (AC +2) [Xom's mischief]
 21227 | D:12     | Gained mutation: You are weak. (Str -2) [Xom's mischief]
 21395 | D:12     | Reached skill level 5 in Dodging
 21661 | D:12     | Reached XP level 15. HP: 117/123 MP: 15/15
 21692 | D:12     | XOM: silly message
 21703 | D:12     | XOM: swap monsters
 21716 | D:12     | XOM: potion effect (heal wounds)
 21729 | D:12     | XOM: potion effect (invisibility)
 22089 | D:12     | Found a hide-covered altar of Uskayaw.
 22270 | D:13     | Found a portal to a secret trove of treasure.
 22828 | D:13     | XOM: fog
 22880 | D:13     | XOM: draining
 22885 | D:13     | XOM: 1-stop teleportation journey
 22963 | D:13     | XOM is BORED!
 22963 | D:13     | XOM: summons 7 hostile demons
 23033 | D:13     | Found a gate to the Vaults.
 23203 | D:13     | XOM: chaos cloud
 23206 | D:13     | XOM: god gift: wand of paralysis (5)
 23210 | D:13     | Demolished by a white ugly thing

Illustrated notes

Levels and vault maps discovered:
D:1:      lemuel_arrival_muddy, layout_rooms,
          shapermc_ecumenical_altar_mp_highgroup
D:2:      layout_loops_ring, minivault_4, uniq_natasha, uniq_terence,
          uniq_crazy_yiuf_cottage
D:3:      layout_basic, serial_shops, nicolae_shop_dealshenge
D:4:      layout_loops_ring, tso_altar, grunt_nemelex_the_gamble,
          minmay_temple_entry_nine_rooms, minmay_surrounded
D:5:      layout_cave_pools, zin_scriptorium
D:6:      layout_basic, mainiacjoe_overflow_large_starburst, serial_shops,
          nicolae_take_the_stairs, kennysheep_big_empty_room,
          nicolae_custom_books, uniq_edmund, uniq_eustachio, uniq_duvessa
D:7:      layout_loops_ring, elyvilon_altar_3, minmay_misc_feat_five,
          nrook_mini_backslash, uniq_pikel
D:8:      nzn_winding_woodlands_three_and_one [nzn_winding_woodlands_5x15_eye,
          nzn_winding_woodlands_5x15_pool, nzn_winding_woodlands_5x15_garden,
          nzn_winding_woodlands_center_lodge], layout_cave_pods, serial_shops,
          shop, nicolae_shop_tiny_statue_garden, shop,
          nicolae_shop_overgrown_old_shop, nicolae_shop_peninsula, hex_large,
          nicolae_shop_i_like_small_books_too, dreamdust_wishing_well
D:9:      layout_loops_cross, overflow_temple_1_default,
          nicolae_overflow_hidden_temple, hellmonk_lair_entry_icy, serial_glass,
          glass_columns_b, glass_columns_a, glass_columns_a, glass_columns_c,
          glass_columns_a, glass_columns_a, glass_columns_c, glass_columns_a
D:10:     layout_stronghold, nicolae_wu_jian_immortal_techniques
D:11:     layout_roguey, minmay_misc_feat_square
D:12:     layout_rooms, nicolae_uskayaw_dance_hall
D:13:     layout_gridville, hellmonk_vaults_order_and_chaos, enter_trove_0
Temple:   nicolae_temple_bog_church
Lair:1:   layout_chaotic_city, infiniplex_staircase_pool, grunt_megastairs_4
Lair:2:   layout_gridlike, minmay_shoals_entry_hut, ldierk_geyser,
          serial_bayou_shore_b
Lair:3:   wad_woods_pond, layout_gridlike, spider_nest_entry_web_field
Lair:4:   layout_regular_city, slime_entry_2, beast_lair_carwin_3,
          serial_bayou_shore_a
Lair:5:   grunt_lair_end_beastmaster, layout_loops_ring,
          portal_ice_cave_entry_ice_simulacra, columned_hall_lemuel,
          nzn_masters_of_martial_movement

Skill      XL: |  1  2  3  4  5  6  7  8  9 10 11 12 13 14 15 |
---------------+----------------------------------------------+-----
Maces & Flails | 3 4 5 6 7 9 10 11 12 14 16 | 16.0
Fighting       | 5 7 9 11 13 14 | 14.1
Armour         | 4 6 8 10 | 10.0
Evocations     | 6 8 12 | 12.0
Dodging        | 5 6 |  6.0

Action                     |  1- 3 |  4- 6 |  7- 9 | 10-12 | 13-15 || total
---------------------------+-------+-------+-------+-------+-------++-------
  Melee: Mace              |    46 |    92 |   228 |       |       ||   366
         Whip              |    43 |    94 |   240 |    21 |       ||   398
         Dagger            |     3 |       |       |       |       ||     3
         Flail             |       |       |    97 |   412 |   643 ||  1152
         Morningstar       |       |       |       |   396 |   655 ||  1051
         Headbutt          |       |       |       |    39 |   148 ||   187
Ability: Invent Gizmo      |       |       |       |       |     1 ||     1
  Evoke: Wand              |       |       |     1 |     4 |     7 ||    12
    Use: Scroll            |       |     3 |    12 |     9 |     8 ||    32
         Potion            |       |     1 |     1 |     3 |     3 ||     8
   Stab: Confused          |       |     5 |     1 |     9 |     5 ||    20
         Petrifying        |       |       |     1 |       |       ||     1
         Sleeping          |       |       |     1 |       |       ||     1
         Held in net/web   |       |       |     2 |       |     2 ||     4
         Betrayed ally     |       |       |       |     1 |       ||     1
         Invisible         |       |       |       |     2 |    10 ||    12
         Distracted        |       |       |       |       |     1 ||     1
         Paralysed         |       |       |       |       |     6 ||     6
 Armour: Plate armour      |    43 |    87 |   263 |   414 |   551 ||  1358
         Skin              |       |       |       |       |    79 ||    79
  Dodge: Dodged            |     6 |    12 |    52 |   109 |   211 ||   390
  Block: Other             |       |       |       |    58 |   130 ||   188

Table legend: (Time is in decaauts)
 A = Elapsed time spent in this place.
 B = Non-inter-level travel time spent in this place.
 C = Inter-level travel time spent in this place.
 D = Time resting spent in this place.
 E = Time spent auto-exploring this place.
 F = Levels seen in this place.
 G = Mean time per level.
                   A        B        C        D        E       F      G
               +--------+--------+--------+--------+--------+-----+--------+
         Total |  22899 |  21586 |   1313 |   7162 |  10643 |  19 | 1205.2 |
       Dungeon |  14543 |  13743 |    800 |   3781 |   7485 |  13 | 1118.7 |
        Temple |      1 |      1 |      0 |      0 |      0 |   1 |    1.0 |
          Lair |   8354 |   7842 |    512 |   3380 |   3158 |   5 | 1670.8 |
               +--------+--------+--------+--------+--------+-----+--------+

Top non-repeatable levels by time:
  Lair:5: 2263 daAuts
     D:8: 1831 daAuts
    D:10: 1622 daAuts
  Lair:4: 1583 daAuts
     D:6: 1571 daAuts
  Lair:3: 1559 daAuts
  Lair:1: 1529 daAuts
  Lair:2: 1419 daAuts
     D:4: 1325 daAuts
     D:9: 1279 daAuts
     D:2: 1079 daAuts
    D:13: 985 daAuts
    D:12: 978 daAuts
     D:7: 956 daAuts
     D:5: 931 daAuts
